Monsters vs Phantoms

Created - Sunday, February 15, 2015 at 01:44

Goals
1 2 3 T
Monsters 2 1 0 3
Phantoms 2 1 2 5
Shots
1 2 3 T
Monsters 9 12 5 26
Phantoms 6 9 7 22

1st period

1. Phantoms , Harri Pesonen 3 (Zack Stortini, Garnet Exelby) at 1:40
2. Monsters , Raphael Bussieres 4 (Ben Street) at 10:30
3. Phantoms , Farm Player34 1 (Mark Van Guilder, Garrett Wilson) at 12:39
4. Monsters , Jordan Szwarz 5 (Andrej Nestrasil) at 15:26 (PP)

Penalties :
Garnet Exelby (ADR) for Fighting (Major) at 3:13, Matthew Corrente (LAM) for Fighting (Major) at 3:13, Zack Stortini (ADR) for Fighting (Major) at 14:50, Matthew Corrente (LAM) for Fighting (Major) at 14:50, Garnet Exelby (ADR) for Unsportsmanlike conduct (Major / Game Misconduct) at 14:53

2nd period

5. Monsters , Jordan Szwarz 6 (Max Friberg, Matthew Corrente) at 0:19
6. Phantoms , Garrett Wilson 14 (Chris Langkow) at 17:16

Penalties :
Zack FitzGerald (ADR) for Fighting (Major) at 0:34, Matthew Corrente (LAM) for Fighting (Major / Game Misconduct) at 0:34, Matthew Corrente (LAM) for instigated a fight (Minor) at 0:34, Matthew Corrente (LAM) for instigated a fight (10 Minutes Misconduct) at 0:34

3rd period

7. Phantoms , Jerome Gauthier-Leduc 2 (Dmitrij Jaskin, Harri Pesonen) at 1:05
8. Phantoms , Martin Gernat 5 (Denver Manderson) at 19:59 (Empty Net)

Penalties :
No Penalty

Goalie Stats

Farm Player80 (LAM), 17 saves from 21 shots - (0.810), L, 1-49-1, 59:15 minutes
Johan Hedberg (ADR), 23 saves from 26 shots - (0.885), W, 4-15-2, 60:00 minutes

Players Stats for Monsters

Player Name              G  A  P  +/- PIM S  H  SB GA TA FO     MP     PP MP  PK MP  
------------------------------------------------------------------------------------
Andrej Nestrasil         0  1  1  -1  0   1  1  0  1  1  4/10   21:08   1:55   1:45 
Andrew Joudrey           0  0  0  -2  0   2  1  2  2  1  0/6    16:45   0:44   1:45 
Ben Street               0  1  1  -3  0   3  1  1  1  2  3/5    17:09   0:00   0:00 
Brett Hextall            0  0  0  -1  0   0  1  0  2  0  0/0    19:07   2:20   0:00 
Farm Player13            0  0  0  -1  0   0  2  0  0  0  0/0    19:45   2:19   0:42 
Farm Player17            0  0  0  -2  0   0  2  0  0  0  0/0    19:40   2:09   0:42 
Farm Player18            0  0  0   0  0   0  2  0  0  0  0/0    15:58   0:22   0:00 
Farm Player32            0  0  0  -1  0   0  0  0  2  0  0/0     8:15   0:27   0:00 
Farm Player33            0  0  0  -1  0   0  0  0  0  2  0/0    21:02   2:28   0:00 
Farm Player35            0  0  0  -1  0   0  1  0  0  0  0/0    18:18   0:00   1:17 
Farm Player39            0  0  0  -2  0   3  0  1  1  0  0/0    14:43   0:00   0:00 
Gleason Fournier         0  0  0   1  0   2  2  5  0  2  0/0    22:26   2:57   1:17 
Jordan Szwarz            2  0  2   0  0   5  1  1  4  2  1/2    17:42   2:17   0:14 
Justin Mercier           0  0  0  -1  0   1  0  0  0  1  0/0     5:27   0:00   0:00 
Matthew Corrente         0  1  1   1  37  0  1  0  0  0  0/0     3:56   0:00   0:00 
Max Friberg              0  1  1   1  0   4  1  0  3  1  1/2    20:26   2:17   0:14 
Raphael Bussieres        1  0  1  -2  0   4  4  1  3  1  0/0    20:22   2:20   0:00 
Tanner Richard           0  0  0   0  0   1  1  0  2  0  2/4    15:49   2:20   0:00 

Players Stats for Phantoms

Player Name              G  A  P  +/- PIM S  H  SB GA TA FO     MP     PP MP  PK MP  
------------------------------------------------------------------------------------
Chris Langkow            0  1  1   0  0   1  1  2  3  0  4/12   22:05   1:03   1:02 
Denver Manderson         0  1  1   0  0   2  1  0  3  1  1/1    18:30   0:56   0:03 
Dmitrij Jaskin           0  1  1   2  0   3  0  1  3  1  8/10   17:48   0:00   2:33 
Farm Player34            1  0  1   1  0   1  0  0  0  0  0/0    23:47   1:13   3:49 
Garnet Exelby            0  1  1   0  20  0  0  0  0  0  0/0     3:33   0:00   0:00 
Garrett Wilson           1  1  2   1  0   2  8  0  2  0  0/0    17:35   0:56   1:51 
Greg Zanon               0  0  0   1  0   1  0  4  0  2  0/0    15:05   0:00   0:00 
Harri Pesonen            1  1  2   3  0   2  0  0  2  0  1/1    19:59   1:03   2:10 
Jerome Gauthier-Leduc    1  0  1   2  0   2  1  0  1  1  0/0    19:44   0:46   1:33 
Jonathan Hazen           0  0  0  -1  0   0  0  0  0  0  1/2    16:22   0:00   0:00 
Josh Lunden              0  0  0   0  0   1  0  0  2  2  0/0    14:21   0:00   1:56 
Keegan Lowe              0  0  0   3  0   1  2  1  0  0  0/0    20:27   0:46   1:33 
Mark Van Guilder         0  1  1   0  0   0  0  0  5  0  2/2    17:28   0:56   0:00 
Martin Gernat            1  0  1   1  0   1  0  1  1  0  0/0     7:30   0:00   0:00 
Randy Jones              0  0  0  -1  0   0  0  1  1  3  0/0    20:23   1:13   0:00 
Steve MacIntyre          0  0  0   1  0   2  0  0  0  0  0/0     4:28   0:00   0:00 
Zack FitzGerald          0  0  0   0  5   0  2  3  0  0  0/0    19:35   0:00   3:26 
Zack Stortini            0  1  1   2  5   3  0  0  0  0  1/1    16:17   1:03   0:00 

3 Stars

1 - Garrett Wilson (ADR)
2 - Harri Pesonen (ADR)
3 - Jordan Szwarz (LAM)

Power Play

Monsters - 1 on 2 Attempt(s) - 50.00%
Phantoms - 0 on 1 Attempt(s) - 0.00%

Penalty Kill

Monsters - 1 on 1 Attempt(s) - 100.00% - Score 0 goal in Penalty Kill
Phantoms - 1 on 2 Attempt(s) - 50.00% - Score 0 goal in Penalty Kill

Team Stat

Monsters - Hits : 21 - Faceoff Wins : 11 - Blocked Shots : 11 - Penalty Minutes : 37
Phantoms - Hits : 15 - Faceoff Wins : 18 - Blocked Shots : 13 - Penalty Minutes : 30

Official

Referees : Unknown
Linesman : Unknown

Game Notes

Garnet Exelby and Matthew Corrente fight to a draw at 3:13 of 1st period
Zack Stortini and Matthew Corrente fight to a draw at 14:50 of 1st period
Garnet Exelby ejected from game at 14:53 of 1st period
Garnet Exelby from Phantoms is suspended for 1 game(s)
Zack FitzGerald and Matthew Corrente fight to a draw at 0:34 of 2nd period
Matthew Corrente ejected from game at 0:34 of 2nd period
Martin Gernat has scored in a empty net!

Finance

Level 1 -- Attendance: 1622 (81.10%) -- Ticket Income $29,196
Level 2 -- Attendance: 732 (73.20%) -- Ticket Income $5,124
Total Attendance: 2354 (78.47%)
Total Ticket Income: $34,320
Other Income: $16,817
Total Income: $51,137

Monsters

5 vs 5 Forward 
   Center                   Left Wing                Right Wing               Time % Phy DF OF 
 1 Andrej Nestrasil         Max Friberg              Jordan Szwarz            35     1   2  2  
 2 Ben Street               Raphael Bussieres        Brett Hextall            30     1   2  2  
 3 Andrew Joudrey           Farm Player39            Andrej Nestrasil         22     1   2  2  
 4 Tanner Richard           Andrej Nestrasil         Max Friberg              13     1   2  2  

5 vs 5 Defense 
   Defense                  Defense                                           Time % Phy DF OF 
 1 Matthew Corrente         Gleason Fournier                                  35     1   2  2  
 2 Farm Player13            Farm Player17                                     30     1   2  2  
 3 Farm Player33            Farm Player35                                     22     1   2  2  
 4 Farm Player18            Matthew Corrente                                  13     1   2  2  

PowerPlay Forward 
   Center                   Left Wing                Right Wing               Time % Phy DF OF 
 1 Andrej Nestrasil         Max Friberg              Jordan Szwarz            60     1   2  2  
 2 Tanner Richard           Raphael Bussieres        Brett Hextall            40     1   2  2  

PowerPlay Defense
   Defense                  Defense                                           Time % Phy DF OF 
 1 Matthew Corrente         Gleason Fournier                                  60     1   2  2  
 2 Farm Player13            Farm Player17                                     40     1   2  2  

Penalty Kill 4 Players Forward 
   Center                   Wing                     Time % Phy DF OF 
 1 Andrej Nestrasil         Andrew Joudrey           60     1   2  2  
 2 Max Friberg              Jordan Szwarz            40     1   2  2  

Penalty Kill 4 Players Defense
   Defense                  Defense                  Time % Phy DF OF 
 1 Matthew Corrente         Gleason Fournier         60     1   2  2  
 2 Farm Player13            Farm Player17            40     1   2  2  

Penalty Kill - 3 Players Forward 
   Forward                                           Time % Phy DF OF 
 1 Andrej Nestrasil                                  60     1   2  2  
 2 Max Friberg                                       40     1   2  2  

Penalty Kill - 3 Players Defense
   Defense                  Defense                  Time % Phy DF OF 
 1 Matthew Corrente         Gleason Fournier         60     1   2  2  
 2 Farm Player13            Farm Player17            40     1   2  2  

4 vs 4 Forward 
   Center                   Wing                     Time % Phy DF OF 
 1 Andrej Nestrasil         Andrew Joudrey           60     1   2  2  
 2 Max Friberg              Jordan Szwarz            40     1   2  2  

4 vs 4 Defense
   Defense                  Defense                  Time % Phy DF OF 
 1 Matthew Corrente         Gleason Fournier         60     1   2  2  
 2 Farm Player13            Farm Player17            40     1   2  2  

Last Minutes Offensive
   Center                   Left Wing                Right Wing               Defense                  Defense                  
   Andrej Nestrasil         Max Friberg              Jordan Szwarz            Matthew Corrente         Gleason Fournier         

Last Minutes Defensive
   Center                   Left Wing                Right Wing               Defense                  Defense                  
   Andrej Nestrasil         Max Friberg              Jordan Szwarz            Matthew Corrente         Gleason Fournier         

Goaltenders
Starting : Farm Player80            
Backup : Farm Player100           

Extra Forwards
Normal : Andrew Joudrey, Tanner Richard, Andrej Nestrasil - PP : Andrew Joudrey, Tanner Richard - PK : Andrej Nestrasil
Extra Defensemen
Normal : Farm Player33, Farm Player35, Farm Player39 - PP : Farm Player33 - PK : Farm Player35, Farm Player39
Penalty Shots
Andrej Nestrasil, Farm Player17, Max Friberg, Jordan Szwarz, Andrew Joudrey

Phantoms

5 vs 5 Forward 
   Center                   Left Wing                Right Wing               Time % Phy DF OF 
 1 Dmitrij Jaskin           Harri Pesonen            Zack Stortini            35     1   2  2  
 2 Chris Langkow            Garrett Wilson           Mark Van Guilder         30     1   2  2  
 3 Chris Langkow            Denver Manderson         Jonathan Hazen           22     1   2  2  
 4 Mark Van Guilder         Josh Lunden              Harri Pesonen            13     1   2  2  

5 vs 5 Defense 
   Defense                  Defense                                           Time % Phy DF OF 
 1 Randy Jones              Garnet Exelby                                     35     1   2  2  
 2 Jerome Gauthier-Leduc    Keegan Lowe                                       30     1   2  2  
 3 Zack FitzGerald          Garnet Exelby                                     22     1   2  2  
 4 Farm Player34            Greg Zanon                                        13     1   2  2  

PowerPlay Forward 
   Center                   Left Wing                Right Wing               Time % Phy DF OF 
 1 Chris Langkow            Harri Pesonen            Zack Stortini            60     1   2  2  
 2 Denver Manderson         Garrett Wilson           Mark Van Guilder         40     1   2  2  

PowerPlay Defense
   Defense                  Defense                                           Time % Phy DF OF 
 1 Randy Jones              Garnet Exelby                                     60     1   2  2  
 2 Jerome Gauthier-Leduc    Keegan Lowe                                       40     1   2  2  

Penalty Kill 4 Players Forward 
   Center                   Wing                     Time % Phy DF OF 
 1 Dmitrij Jaskin           Harri Pesonen            60     1   2  2  
 2 Garrett Wilson           Zack Stortini            40     1   2  2  

Penalty Kill 4 Players Defense
   Defense                  Defense                  Time % Phy DF OF 
 1 Zack FitzGerald          Garnet Exelby            60     1   2  2  
 2 Jerome Gauthier-Leduc    Keegan Lowe              40     1   2  2  

Penalty Kill - 3 Players Forward 
   Forward                                           Time % Phy DF OF 
 1 Zack Stortini                                     60     1   2  2  
 2 Harri Pesonen                                     40     1   2  2  

Penalty Kill - 3 Players Defense
   Defense                  Defense                  Time % Phy DF OF 
 1 Randy Jones              Garnet Exelby            60     1   2  2  
 2 Jerome Gauthier-Leduc    Keegan Lowe              40     1   2  2  

4 vs 4 Forward 
   Center                   Wing                     Time % Phy DF OF 
 1 Mark Van Guilder         Harri Pesonen            60     1   2  2  
 2 Chris Langkow            Zack Stortini            40     1   2  2  

4 vs 4 Defense
   Defense                  Defense                  Time % Phy DF OF 
 1 Farm Player34            Garnet Exelby            60     1   2  2  
 2 Jerome Gauthier-Leduc    Keegan Lowe              40     1   2  2  

Last Minutes Offensive
   Center                   Left Wing                Right Wing               Defense                  Defense                  
   Dmitrij Jaskin           Harri Pesonen            Zack Stortini            Randy Jones              Garnet Exelby            

Last Minutes Defensive
   Center                   Left Wing                Right Wing               Defense                  Defense                  
   Dmitrij Jaskin           Harri Pesonen            Zack Stortini            Randy Jones              Garnet Exelby            

Goaltenders
Starting : Johan Hedberg            
Backup : Laurent Brossoit         

Extra Forwards
Normal : Chris Langkow, Denver Manderson, Josh Lunden - PP : Chris Langkow, Denver Manderson - PK : Josh Lunden
Extra Defensemen
Normal : Zack FitzGerald, Garnet Exelby, Farm Player34 - PP : Zack FitzGerald - PK : Garnet Exelby, Farm Player34
Penalty Shots
Josh Lunden, Harri Pesonen, Dmitrij Jaskin, Zack Stortini, Garrett Wilson

% Time on Ice - Monsters

Lines # - Real PCT - Wanted PCT - Time Play
Normal Forward
1 - 32% - 35% - 16:42
2 - 32% - 30% - 16:49
3 - 24% - 22% - 12:35
4 - 12% - 13% - 6:02
Normal Defense
1 - 47% - 35% - 24:39
2 - 17% - 30% - 8:47
3 - 10% - 22% - 5:16
4 - 26% - 13% - 13:26
PP Forward
1 - 53% - 60% - 2:39
2 - 47% - 40% - 2:20
PP Defense
1 - 68% - 60% - 3:24
2 - 32% - 40% - 1:35
PK Forward
1 - 88% - 60% - 1:45
2 - 12% - 40% - 0:14
PK Defense
1 - 65% - 60% - 1:17
2 - 35% - 40% - 0:42
PK3 Forward
1 - 0% - 60%
2 - 0% - 40%
PK3 Defense
1 - 0% - 60%
2 - 0% - 40%
44 Forward
1 - 0% - 60%
2 - 0% - 40%
44 Defense
1 - 0% - 60%
2 - 0% - 40%
Last Minute Offensive  - 0:54
Last Minute Defensive  - 0:00
Total
Forward - 60:00
Defense - 60:00

% Time on Ice - Phantoms

Lines # - Real PCT - Wanted PCT - Time Play
Normal Forward
1 - 35% - 35% - 18:22
2 - 23% - 30% - 12:01
3 - 32% - 22% - 16:32
4 - 10% - 13% - 5:07
Normal Defense
1 - 39% - 35% - 20:12
2 - 28% - 30% - 14:26
3 - 25% - 22% - 12:47
4 - 9% - 13% - 4:37
PP Forward
1 - 53% - 60% - 1:03
2 - 47% - 40% - 0:56
PP Defense
1 - 61% - 60% - 1:13
2 - 39% - 40% - 0:46
PK Forward
1 - 72% - 60% - 3:35
2 - 28% - 40% - 1:24
PK Defense
1 - 69% - 60% - 3:26
2 - 31% - 40% - 1:33
PK3 Forward
1 - 0% - 60%
2 - 0% - 40%
PK3 Defense
1 - 0% - 60%
2 - 0% - 40%
44 Forward
1 - 0% - 60%
2 - 0% - 40%
44 Defense
1 - 0% - 60%
2 - 0% - 40%
Last Minute Offensive  - 0:00
Last Minute Defensive  - 1:00
Total
Forward - 60:00
Defense - 60:00

Play by Play

1st period


0:01 of 1st period - Dmitrij Jaskin wins face-off versus Andrej Nestrasil in neutral zone.
0:27 of 1st period - Off-side.
0:28 of 1st period - Chris Langkow wins face-off versus Ben Street in neutral zone.
0:47 of 1st period - Garrett Wilson is hit by Farm Player17 and loses puck.
1:02 of 1st period - Wrist shot by Ben Street.
1:02 of 1st period - Shot Misses the Net.
1:04 of 1st period - Backhand shot by Raphael Bussieres.
1:04 of 1st period - Shot Misses the Net.
1:34 of 1st period - Slapshot by Zack Stortini.
1:34 of 1st period - Shot Misses the Net.
1:36 of 1st period - Slapshot by Garnet Exelby.
1:36 of 1st period - Shot Misses the Net.
1:38 of 1st period - Slapshot by Garnet Exelby.
1:38 of 1st period - Deflect By Zack Stortini.
1:38 of 1st period - Stopped by Farm Player80 with a rebound.
1:40 of 1st period - Snap shot by Harri Pesonen.
1:40 of 1st period - Goal by Harri Pesonen - Monsters : 0 - Phantoms : 1.
1:41 of 1st period - Tanner Richard wins face-off versus Chris Langkow in neutral zone.
2:00 of 1st period - Slapshot by Max Friberg.
2:00 of 1st period - Deflect By Tanner Richard.
2:00 of 1st period - Stopped by Johan Hedberg without a rebound.
2:01 of 1st period - Tanner Richard wins face-off versus Jonathan Hazen in Phantoms zone.
2:05 of 1st period - Wrist shot by Andrej Nestrasil.
2:05 of 1st period - Stopped by Johan Hedberg with a rebound.
2:09 of 1st period - Snap shot by Max Friberg.
2:09 of 1st period - Shot Misses the Net.
2:35 of 1st period - Snap shot by Josh Lunden.
2:35 of 1st period - Shot Misses the Net.
2:37 of 1st period - Snap shot by Harri Pesonen.
2:37 of 1st period - Shot Misses the Net.
3:13 of 1st period - Garnet Exelby and Matthew Corrente fight to a draw.
3:13 of 1st period - Penalty to Garnet Exelby for Fighting.
3:13 of 1st period - Penalty to Matthew Corrente for Fighting.
3:14 of 1st period - Chris Langkow wins face-off versus Max Friberg in Monsters zone.
3:18 of 1st period - Icing by Max Friberg.
3:19 of 1st period - Chris Langkow wins face-off versus Andrej Nestrasil in Monsters zone.
3:34 of 1st period - Snap shot by Max Friberg.
3:34 of 1st period - Shot Misses the Net.
4:27 of 1st period - Gleason Fournier is hit by Zack FitzGerald and loses puck.
4:42 of 1st period - Snap shot by Ben Street.
4:42 of 1st period - Shot Misses the Net.
5:58 of 1st period - Max Friberg is hit by Denver Manderson and loses puck.
6:09 of 1st period - Wrist shot by Denver Manderson.
6:09 of 1st period - Stopped by Farm Player80 with a rebound.
6:57 of 1st period - Slapshot by Ben Street.
6:57 of 1st period - Shot Hit the Post.
7:11 of 1st period - Slapshot by Andrew Joudrey.
7:11 of 1st period - Stopped by Johan Hedberg with a rebound.
9:09 of 1st period - Slapshot by Matthew Corrente.
9:09 of 1st period - Deflect By Raphael Bussieres.
9:09 of 1st period - Stopped by Johan Hedberg with a rebound.
10:00 of 1st period - Snap shot by Jordan Szwarz.
10:00 of 1st period - Deflect By Max Friberg.
10:00 of 1st period - Shot Misses the Net.
10:00 of 1st period - Puck is out of play.
10:01 of 1st period - Dmitrij Jaskin wins face-off versus Andrej Nestrasil in Phantoms zone.
10:24 of 1st period - Snap shot by Ben Street.
10:24 of 1st period - Deflect By Raphael Bussieres.
10:24 of 1st period - Shot Misses the Net.
10:24 of 1st period - Puck is out of play.
10:25 of 1st period - Ben Street wins face-off versus Chris Langkow in Phantoms zone.
10:28 of 1st period - Wrist shot by Ben Street.
10:28 of 1st period - Stopped by Johan Hedberg with a rebound.
10:30 of 1st period - Snap shot by Raphael Bussieres.
10:30 of 1st period - Goal by Raphael Bussieres - Monsters : 1 - Phantoms : 1.
10:31 of 1st period - Mark Van Guilder wins face-off versus Andrew Joudrey in neutral zone.
11:02 of 1st period - Dmitrij Jaskin is hit by Farm Player13 and loses puck.
11:13 of 1st period - Snap shot by Zack Stortini.
11:13 of 1st period - Stopped by Farm Player80 without a rebound.
11:14 of 1st period - Dmitrij Jaskin wins face-off versus Tanner Richard in Monsters zone.
12:17 of 1st period - Wrist shot by Raphael Bussieres.
12:17 of 1st period - Shot Blocked by Greg Zanon.
12:21 of 1st period - Slapshot by Ben Street.
12:21 of 1st period - Stopped by Johan Hedberg with a rebound.
12:37 of 1st period - Wrist shot by Mark Van Guilder.
12:37 of 1st period - Shot Blocked by Ben Street.
12:39 of 1st period - Slapshot by Farm Player34.
12:39 of 1st period - Goal by Farm Player34 - Monsters : 1 - Phantoms : 2.
12:40 of 1st period - Mark Van Guilder wins face-off versus Andrew Joudrey in neutral zone.
13:57 of 1st period - Garrett Wilson is hit by Farm Player35 and loses puck.
14:26 of 1st period - Jonathan Hazen is hit by Brett Hextall and loses puck.
14:38 of 1st period - Josh Lunden is hit by Matthew Corrente and loses puck.
14:50 of 1st period - Zack Stortini and Matthew Corrente fight to a draw.
14:50 of 1st period - Penalty to Zack Stortini for Fighting.
14:50 of 1st period - Penalty to Matthew Corrente for Fighting.
14:51 of 1st period - Dmitrij Jaskin wins face-off versus Andrew Joudrey in Phantoms zone.
14:53 of 1st period - Major / Game Misconduct Penalty to Garnet Exelby for Unsportsmanlike conduct.
14:53 of 1st period - Garnet Exelby is ejected from game.
14:54 of 1st period - Dmitrij Jaskin wins face-off versus Tanner Richard in Phantoms zone.
15:18 of 1st period - Off-side.
15:19 of 1st period - Andrej Nestrasil wins face-off versus Dmitrij Jaskin in neutral zone.
15:24 of 1st period - Snap shot by Jordan Szwarz.
15:24 of 1st period - Stopped by Johan Hedberg with a rebound.
15:26 of 1st period - Slapshot by Jordan Szwarz.
15:26 of 1st period - Goal by Jordan Szwarz - Monsters : 2 - Phantoms : 2.
15:27 of 1st period - Dmitrij Jaskin wins face-off versus Andrej Nestrasil in neutral zone.
16:28 of 1st period - Garrett Wilson is hit by Raphael Bussieres and loses puck.
17:10 of 1st period - Josh Lunden is hit by Farm Player13 and loses puck.
17:25 of 1st period - Farm Player34 is hit by Tanner Richard and loses puck.
17:50 of 1st period - Jerome Gauthier-Leduc is hit by Gleason Fournier and loses puck.
18:13 of 1st period - Snap shot by Josh Lunden.
18:13 of 1st period - Stopped by Farm Player80 with a rebound.
19:17 of 1st period - Chris Langkow is hit by Max Friberg and loses puck.
19:50 of 1st period - Penalty to Zack Stortini is over, Zack Stortini is back on ice.
19:53 of 1st period - Penalty to Garnet Exelby is over, Zack Stortini is send on ice.
Goals for this period are 2 for Monsters vs 2 for Phantoms.
Shots for this period are 9 for Monsters vs 6 for Phantoms.

2nd period


0:01 of 2nd period - Chris Langkow wins face-off versus Andrej Nestrasil in neutral zone.
0:08 of 2nd period - Snap shot by Chris Langkow.
0:08 of 2nd period - Shot Misses the Net.
0:17 of 2nd period - Wrist shot by Jordan Szwarz.
0:17 of 2nd period - Stopped by Johan Hedberg with a rebound.
0:19 of 2nd period - Slapshot by Max Friberg.
0:19 of 2nd period - Deflect By Jordan Szwarz.
0:19 of 2nd period - Goal by Jordan Szwarz - Monsters : 3 - Phantoms : 2.
0:20 of 2nd period - Jordan Szwarz wins face-off versus Chris Langkow in neutral zone.
0:34 of 2nd period - Zack FitzGerald and Matthew Corrente fight to a draw.
0:34 of 2nd period - Penalty to Zack FitzGerald for Fighting.
0:34 of 2nd period - Penalty to Matthew Corrente for Fighting.
0:34 of 2nd period - Matthew Corrente is ejected from game.
0:34 of 2nd period - Penalty to Matthew Corrente for instigated a fight.
0:34 of 2nd period - Penalty to Matthew Corrente for instigated a fight.
0:35 of 2nd period - Harri Pesonen wins face-off versus Andrej Nestrasil in Monsters zone.
0:40 of 2nd period - Snap shot by Harri Pesonen.
0:40 of 2nd period - Stopped by Farm Player80 with a rebound.
1:00 of 2nd period - Snap shot by Chris Langkow.
1:00 of 2nd period - Stopped by Farm Player80 with a rebound.
1:10 of 2nd period - Snap shot by Andrew Joudrey.
1:10 of 2nd period - Stopped by Johan Hedberg with a rebound.
1:51 of 2nd period - Wrist shot by Garrett Wilson.
1:51 of 2nd period - Deflect By Mark Van Guilder.
1:51 of 2nd period - Shot Blocked by Gleason Fournier.
1:51 of 2nd period - Puck is out of play.
1:52 of 2nd period - Andrej Nestrasil wins face-off versus Chris Langkow in Monsters zone.
2:34 of 2nd period - Penalty to Matthew Corrente is over, Farm Player18 is send on ice.
2:56 of 2nd period - Icing by Dmitrij Jaskin.
2:57 of 2nd period - Ben Street wins face-off versus Dmitrij Jaskin in Phantoms zone.
3:00 of 2nd period - Slapshot by Raphael Bussieres.
3:00 of 2nd period - Shot Misses the Net.
3:02 of 2nd period - Wrist shot by Ben Street.
3:02 of 2nd period - Shot Blocked by Greg Zanon.
3:04 of 2nd period - Slapshot by Gleason Fournier.
3:04 of 2nd period - Stopped by Johan Hedberg with a rebound.
3:06 of 2nd period - Slapshot by Raphael Bussieres.
3:06 of 2nd period - Shot Misses the Net.
3:18 of 2nd period - Dmitrij Jaskin is hit by Gleason Fournier and loses puck.
3:23 of 2nd period - Slapshot by Ben Street.
3:23 of 2nd period - Shot Blocked by Greg Zanon.
3:25 of 2nd period - Slapshot by Farm Player33.
3:25 of 2nd period - Shot Misses the Net.
3:31 of 2nd period - Snap shot by Raphael Bussieres.
3:31 of 2nd period - Stopped by Johan Hedberg with a rebound.
4:15 of 2nd period - Brett Hextall is hit by Garrett Wilson and loses puck.
4:26 of 2nd period - Wrist shot by Raphael Bussieres.
4:26 of 2nd period - Stopped by Johan Hedberg with a rebound.
4:51 of 2nd period - Wrist shot by Max Friberg.
4:51 of 2nd period - Stopped by Johan Hedberg with a rebound.
5:07 of 2nd period - Wrist shot by Mark Van Guilder.
5:07 of 2nd period - Shot Blocked by Farm Player39.
5:09 of 2nd period - Slapshot by Jerome Gauthier-Leduc.
5:09 of 2nd period - Shot Blocked by Gleason Fournier.
5:16 of 2nd period - Slapshot by Jerome Gauthier-Leduc.
5:16 of 2nd period - Shot Blocked by Andrew Joudrey.
5:18 of 2nd period - Snap shot by Harri Pesonen.
5:18 of 2nd period - Shot Blocked by Gleason Fournier.
5:20 of 2nd period - Slapshot by Jerome Gauthier-Leduc.
5:20 of 2nd period - Stopped by Farm Player80 with a rebound.
5:37 of 2nd period - Snap shot by Denver Manderson.
5:37 of 2nd period - Stopped by Farm Player80 with a rebound.
5:39 of 2nd period - Slapshot by Denver Manderson.
5:39 of 2nd period - Shot Misses the Net.
5:41 of 2nd period - Slapshot by Greg Zanon.
5:41 of 2nd period - Stopped by Farm Player80 with a rebound.
6:03 of 2nd period - Slapshot by Dmitrij Jaskin.
6:03 of 2nd period - Stopped by Farm Player80 with a rebound.
6:05 of 2nd period - Snap shot by Zack Stortini.
6:05 of 2nd period - Shot Blocked by Gleason Fournier.
6:21 of 2nd period - Andrew Joudrey is hit by Garrett Wilson and loses puck.
6:26 of 2nd period - Snap shot by Garrett Wilson.
6:26 of 2nd period - Stopped by Farm Player80 with a rebound.
7:28 of 2nd period - Wrist shot by Jordan Szwarz.
7:28 of 2nd period - Shot Misses the Net.
7:51 of 2nd period - Wrist shot by Jonathan Hazen.
7:51 of 2nd period - Shot Misses the Net.
7:57 of 2nd period - Farm Player34 is hit by Farm Player18 and loses puck.
8:14 of 2nd period - Snap shot by Ben Street.
8:14 of 2nd period - Shot Blocked by Dmitrij Jaskin.
8:17 of 2nd period - Icing by Greg Zanon.
8:18 of 2nd period - Dmitrij Jaskin wins face-off versus Ben Street in Phantoms zone.
8:37 of 2nd period - Brett Hextall is hit by Garrett Wilson and loses puck.
9:00 of 2nd period - Randy Jones is hit by Raphael Bussieres and loses puck.
9:27 of 2nd period - Slapshot by Jordan Szwarz.
9:27 of 2nd period - Stopped by Johan Hedberg with a rebound.
10:11 of 2nd period - Chris Langkow is hit by Andrej Nestrasil and loses puck.
10:34 of 2nd period - Farm Player13 is hit by Keegan Lowe and loses puck.
10:57 of 2nd period - Josh Lunden is hit by Andrew Joudrey and loses puck.
11:11 of 2nd period - Farm Player17 is hit by Zack FitzGerald.
11:32 of 2nd period - Max Friberg is hit by Garrett Wilson and loses puck.
11:53 of 2nd period - Wrist shot by Ben Street.
11:53 of 2nd period - Shot Misses the Net.
11:55 of 2nd period - Slapshot by Ben Street.
11:55 of 2nd period - Stopped by Johan Hedberg with a rebound.
12:17 of 2nd period - Randy Jones is hit by Farm Player18 and loses puck.
13:06 of 2nd period - Wrist shot by Dmitrij Jaskin.
13:06 of 2nd period - Stopped by Farm Player80 with a rebound.
13:08 of 2nd period - Slapshot by Martin Gernat.
13:08 of 2nd period - Shot Blocked by Gleason Fournier.
13:10 of 2nd period - Slapshot by Randy Jones.
13:10 of 2nd period - Shot Blocked by Jordan Szwarz.
15:16 of 2nd period - Snap shot by Zack Stortini.
15:16 of 2nd period - Shot Misses the Net.
15:34 of 2nd period - 10 Minutes Misconduct Penalty to Matthew Corrente is over.
16:06 of 2nd period - Snap shot by Brett Hextall.
16:06 of 2nd period - Shot Blocked by Zack FitzGerald.
16:08 of 2nd period - Slapshot by Farm Player39.
16:08 of 2nd period - Stopped by Johan Hedberg with a rebound.
16:23 of 2nd period - Icing by Farm Player18.
16:24 of 2nd period - Jonathan Hazen wins face-off versus Jordan Szwarz in Monsters zone.
17:12 of 2nd period - Snap shot by Chris Langkow.
17:12 of 2nd period - Shot Misses the Net.
17:16 of 2nd period - Wrist shot by Garrett Wilson.
17:16 of 2nd period - Goal by Garrett Wilson - Monsters : 3 - Phantoms : 3.
17:17 of 2nd period - Ben Street wins face-off versus Chris Langkow in neutral zone.
18:08 of 2nd period - Wrist shot by Andrew Joudrey.
18:08 of 2nd period - Deflect By Farm Player39.
18:08 of 2nd period - Stopped by Johan Hedberg with a rebound.
18:10 of 2nd period - Wrist shot by Farm Player39.
18:10 of 2nd period - Stopped by Johan Hedberg with a rebound.
19:05 of 2nd period - Slapshot by Ben Street.
19:05 of 2nd period - Shot Blocked by Randy Jones.
19:42 of 2nd period - Wrist shot by Brett Hextall.
19:42 of 2nd period - Shot Blocked by Chris Langkow.
19:44 of 2nd period - Slapshot by Brett Hextall.
19:44 of 2nd period - Shot Misses the Net.
19:46 of 2nd period - Slapshot by Farm Player33.
19:46 of 2nd period - Shot Misses the Net.
19:48 of 2nd period - Snap shot by Farm Player32.
19:48 of 2nd period - Shot Misses the Net.
Goals for this period are 1 for Monsters vs 1 for Phantoms.
Shots for this period are 12 for Monsters vs 9 for Phantoms.

3rd period


0:01 of 3rd period - Andrej Nestrasil wins face-off versus Chris Langkow in neutral zone.
0:36 of 3rd period - Wrist shot by Jordan Szwarz.
0:36 of 3rd period - Shot Misses the Net.
0:54 of 3rd period - Harri Pesonen is hit by Raphael Bussieres and loses puck.
1:03 of 3rd period - Slapshot by Dmitrij Jaskin.
1:03 of 3rd period - Stopped by Farm Player80 with a rebound.
1:05 of 3rd period - Backhand shot by Jerome Gauthier-Leduc.
1:05 of 3rd period - Goal by Jerome Gauthier-Leduc - Monsters : 3 - Phantoms : 4.
1:06 of 3rd period - Dmitrij Jaskin wins face-off versus Andrew Joudrey in neutral zone.
2:07 of 3rd period - Backhand shot by Raphael Bussieres.
2:07 of 3rd period - Shot Misses the Net.
2:09 of 3rd period - Backhand shot by Ben Street.
2:09 of 3rd period - Shot Misses the Net.
2:19 of 3rd period - Wrist shot by Raphael Bussieres.
2:19 of 3rd period - Shot Blocked by Chris Langkow.
2:33 of 3rd period - Snap shot by Denver Manderson.
2:33 of 3rd period - Shot Misses the Net.
2:35 of 3rd period - Slapshot by Greg Zanon.
2:35 of 3rd period - Deflect By Chris Langkow.
2:35 of 3rd period - Shot Blocked by Raphael Bussieres.
2:35 of 3rd period - Puck is out of play.
2:36 of 3rd period - Andrej Nestrasil wins face-off versus Chris Langkow in Monsters zone.
4:49 of 3rd period - Icing by Zack FitzGerald.
4:50 of 3rd period - Denver Manderson wins face-off versus Andrew Joudrey in Phantoms zone.
6:06 of 3rd period - Andrew Joudrey is hit by Garrett Wilson.
6:07 of 3rd period - Icing by Andrew Joudrey.
6:08 of 3rd period - Max Friberg wins face-off versus Chris Langkow in Monsters zone.
7:10 of 3rd period - Snap shot by Ben Street.
7:10 of 3rd period - Shot Blocked by Zack FitzGerald.
7:12 of 3rd period - Slapshot by Farm Player35.
7:12 of 3rd period - Shot Blocked by Zack FitzGerald.
7:24 of 3rd period - Mark Van Guilder is hit by Jordan Szwarz and loses puck.
8:01 of 3rd period - Andrew Joudrey is hit by Chris Langkow and loses puck.
8:18 of 3rd period - Snap shot by Dmitrij Jaskin.
8:18 of 3rd period - Shot Misses the Net.
8:20 of 3rd period - Slapshot by Keegan Lowe.
8:20 of 3rd period - Stopped by Farm Player80 with a rebound.
8:22 of 3rd period - Snap shot by Keegan Lowe.
8:22 of 3rd period - Shot Blocked by Andrew Joudrey.
8:55 of 3rd period - Brett Hextall is hit by Jerome Gauthier-Leduc and loses puck.
9:32 of 3rd period - Max Friberg is hit by Garrett Wilson.
9:43 of 3rd period - Max Friberg is hit by Garrett Wilson and loses puck.
11:17 of 3rd period - Snap shot by Gleason Fournier.
11:17 of 3rd period - Shot Blocked by Greg Zanon.
11:55 of 3rd period - Ben Street is hit by Garrett Wilson and loses puck.
13:51 of 3rd period - Denver Manderson is hit by Farm Player17 and loses puck.
14:13 of 3rd period - Josh Lunden is hit by Ben Street and loses puck.
15:11 of 3rd period - Justin Mercier is hit by Keegan Lowe and loses puck.
15:16 of 3rd period - Wrist shot by Zack Stortini.
15:16 of 3rd period - Stopped by Farm Player80 with a rebound.
15:44 of 3rd period - Wrist shot by Max Friberg.
15:44 of 3rd period - Stopped by Johan Hedberg with a rebound.
15:46 of 3rd period - Snap shot by Gleason Fournier.
15:46 of 3rd period - Shot Blocked by Keegan Lowe.
15:48 of 3rd period - Slapshot by Gleason Fournier.
15:48 of 3rd period - Stopped by Johan Hedberg with a rebound.
15:50 of 3rd period - Wrist shot by Andrej Nestrasil.
15:50 of 3rd period - Shot Misses the Net.
15:52 of 3rd period - Slapshot by Gleason Fournier.
15:52 of 3rd period - Deflect By Max Friberg.
15:52 of 3rd period - Stopped by Johan Hedberg with a rebound.
15:54 of 3rd period - Wrist shot by Max Friberg.
15:54 of 3rd period - Shot Misses the Net.
15:56 of 3rd period - Snap shot by Max Friberg.
15:56 of 3rd period - Stopped by Johan Hedberg with a rebound.
16:36 of 3rd period - Wrist shot by Justin Mercier.
16:36 of 3rd period - Stopped by Johan Hedberg with a rebound.
16:38 of 3rd period - Snap shot by Farm Player39.
16:38 of 3rd period - Deflect By Mark Van Guilder.
16:38 of 3rd period - Shot Blocked by Martin Gernat.
16:38 of 3rd period - Puck is out of play.
16:39 of 3rd period - Zack Stortini wins face-off versus Andrew Joudrey in Phantoms zone.
16:56 of 3rd period - Snap shot by Harri Pesonen.
16:56 of 3rd period - Shot Misses the Net.
18:20 of 3rd period - Dmitrij Jaskin is hit by Raphael Bussieres and loses puck.
18:50 of 3rd period - Snap shot by Steve MacIntyre.
18:50 of 3rd period - Stopped by Farm Player80 with a rebound.
18:56 of 3rd period - Snap shot by Steve MacIntyre.
18:56 of 3rd period - Stopped by Farm Player80 with a rebound.
19:14 of 3rd period - Monsters, Farm Player80 is pulled from the net.
19:59 of 3rd period - Snap shot by Martin Gernat.
19:59 of 3rd period - Goal by Martin Gernat - Monsters : 3 - Phantoms : 5.
19:59 of 3rd period - Farm Player80 from Monsters was sent back in the game.
Goals for this period are 0 for Monsters vs 2 for Phantoms.
Shots for this period are 5 for Monsters vs 7 for Phantoms.


Output by the SimonT Hockey Simulator (STHS) for Eric Dolegowski -- Original Page W3C XHTML 1.0 Valid
Hockey Simulator - Hockey Simulation - Hockey Manager